Map: Prion Terraces

Players

Dayshi - Winner!

  • Race: Terran Terran
  • League: Grandmaster

MajeStic

  • Race: Protoss Protoss
  • League: Grandmaster

Event: DreamHack ZOWIE Open Leipzig

VOD

Have the link to the VOD?

Description

Time

  • Played on: Jan. 22, 2016, 10:31 a.m.
  • Length: 11:33

All games in this series

Show
View Real Time Build Order
Export as new Build Order

Dayshi Terran - Winner!

Build Orders: MMM Bio 

Get SALT Encoding   

  12  0:01  SCV  
  13  0:13  SCV  
  14  0:18  Supply Depot  
  14  0:25  SCV  
  15  0:39  SCV  
  15  0:40  Barracks  
  16  0:43  Refinery  
  16  0:51  SCV  
  17  1:03  SCV  
  18  1:15  SCV  
  19  1:27  Barracks Reactor  
  19  1:28  Orbital Command  
  19  1:41  Command Center  
  19  1:54  SCV, Supply Depot  
  20  2:03  Marine x2  
  20  2:06  SCV  
  23  2:20  Marine  
  23  2:21  Marine  
  23  2:22  SCV, Factory  
  26  2:30  Refinery  
  26  2:34  SCV  
  27  2:38  Marine  
  27  2:39  Marine  
  29  2:46  SCV  
  30  2:53  Orbital Command  
  30  2:56  Marine x2  
  30  2:58  SCV  
  33  3:12  Factory Tech Lab  
  32  3:13  Starport  
  32  3:14  Marine x2  
  32  3:16  SCV  
  35  3:22  SCV, Engineering Bay  
  36  3:28  SCV  
  36  3:32  Supply Depot  
  37  3:34  SCV  
  37  3:38  Cyclone  
  41  3:43  Marine x2  
  41  3:44  SCV  
  43  4:00  Marine  
  43  4:01  Marine  
  43  4:04  SCV x2  
  45  4:11  Supply Depot, Bunker  
  45  4:16  Terran Infantry Weapons Level 1  
  42  4:17  Raven  
  42  4:18  Marine x2  
  42  4:21  Supply Depot  
  42  4:23  Barracks  
  44  4:24  SCV  
  44  4:25  SCV  
  44  4:27  Widow Mine  
  48  4:36  SCV  
  48  4:37  SCV  
  50  4:40  Marine x2  
  52  4:48  SCV  
  52  4:49  SCV  
  52  4:50  Barracks  
  54  4:56  Widow Mine  
  54  4:57  Refinery  
  54  4:58  Marine x2  
  58  5:00  SCV  
  58  5:01  SCV  
  58  5:06  Banshee  
  62  5:21  SCV  
  54  5:22  SCV  
  54  5:27  Factory Tech Lab, Marine x3  
  48  5:33  SCV  
  48  5:34  SCV  
  48  5:35  Bunker  
  48  5:45  SCV, Marine  
  48  5:46  SCV  
  47  5:51  Siege Tank  
  50  5:57  SCV  
  50  5:58  SCV  
  52  6:08  Marine x2  
  52  6:09  Combat Shields  
  54  6:13  Supply Depot  
  54  6:15  SCV x2, Marauder, Marine  
  59  6:19  Supply Depot  
  59  6:22  Liberator  
  58  6:27  SCV x2  
  58  6:29  Marine x2  
  62  6:36  Supply Depot  
  62  6:37  Marauder  
  62  6:39  SCV  
  68  6:44  SCV  
  68  6:45  Marauder  
  68  6:46  Stimpack  
  70  6:51  SCV  
  70  6:55  Terran Infantry Armor Level 1  
  70  6:56  SCV  
  70  6:57  Refinery, Marine x2  
  70  6:58  Marine  
  74  7:03  SCV  
  74  7:06  Marauder  
  77  7:08  Widow Mine  
  79  7:16  Supply Depot, Marine, Marauder  
  79  7:18  Marine  
  79  7:20  Liberator  
  82  7:24  SCV x2  
  82  7:28  Marauder  
  85  7:37  Marine x2  
  85  7:38  Marauder  
  93  7:44  SCV x2, Supply Depot  
  93  7:47  Concussive Shells  
  93  7:50  Barracks  
  94  7:54  Marine  
  94  7:55  Marine  
  94  7:57  Supply Depot  
  96  8:00  Widow Mine  
  98  8:12  SCV  
  84  8:21  Marine  
  88  8:27  Medivac  
  88  8:28  Marauder x2, Marine  
  88  8:29  SCV x2  
  88  8:32  Supply Depot  
  94  8:38  Marine  
  95  8:46  Marine  
  96  8:49  Barracks Reactor, Marauder  
  96  8:51  Command Center  
  98  8:56  Marine, Marauder  
  101  9:04  Starport Reactor  
  98  9:11  Marauder  
  98  9:14  Marine  
  98  9:15  Marine  
  102  9:17  Marauder  
  95  9:27  Liberator x2  
  95  9:29  Marine x2  
  97  9:31  Factory Tech Lab  
  97  9:32  Armory, Marine x3  
  100  9:39  Marauder  
  108  9:46  Marine  
  108  9:47  Marine  
  108  9:50  Marine x2, Marauder  
  114  10:00  Marauder  
  114  10:02  Siege Tank, Orbital Command  
  114  10:04  Marine x2  
  121  10:08  Supply Depot, Marine x2  
  121  10:11  Marauder  
  125  10:14  Supply Depot  
  125  10:15  Supply Depot  
  125  10:22  Marine x2, Marauder  
  129  10:30  Medivac x2  
  129  10:33  Marine x2, Marauder  
  137  10:40  Marine  
  137  10:42  Marine  
  139  10:43  Marauder  
  139  10:48  Missile Turret  
  139  10:49  Ghost Academy  
  141  10:50  Orbital Command  
  141  10:54  Marine, Marauder  
  144  10:58  Marine  
  144  11:02  Barracks, Marine  
  146  11:05  Marauder  
  146  11:09  Marine  
  149  11:13  Marine  
  133  11:32  Missile Turret  
Show
View Real Time Build Order
Export as new Build Order

MajeStic Protoss 

Build Orders: 1 Gate Expand 

Get SALT Encoding   

  12  0:00  Probe (Chrono Boost)  
  13  0:11  Probe (Chrono Boost)  
  14  0:17  Pylon  
  14  0:22  Probe (Chrono Boost)  
  16  0:35  Probe (Chrono Boost)  
  16  0:36  Gateway  
  16  0:43  Assimilator  
  16  0:46  Probe (Chrono Boost)  
  17  0:57  Probe (Chrono Boost)  
  18  1:07  Probe (Chrono Boost)  
  19  1:18  Probe (Chrono Boost)  
  20  1:20  Nexus  
  20  1:33  Cybernetics Core  
  20  1:34  Probe (Chrono Boost)  
  21  1:40  Assimilator  
  21  1:44  Probe (Chrono Boost)  
  22  1:49  Pylon  
  22  1:55  Probe (Chrono Boost)  
  23  2:07  Probe (Chrono Boost)  
  23  2:08  Pylon, Warp Gate (Chrono Boost)  
  24  2:09  Adept (Chrono Boost)  
  26  2:18  Probe  
  27  2:30  Probe  
  27  2:33  Sentry (Chrono Boost)  
  27  2:35  Robotics Facility  
  30  2:40  Probe  
  30  2:43  Probe  
  32  2:51  Probe (Chrono Boost)  
  32  2:55  Probe (Chrono Boost)  
  34  2:59  Gateway  
  34  3:02  Probe (Chrono Boost)  
  35  3:06  Probe (Chrono Boost)  
  36  3:13  Probe (Chrono Boost)  
  36  3:14  Gateway  
  36  3:16  Probe (Chrono Boost)  
  38  3:26  Immortal (Chrono Boost)  
  42  3:29  Mothership Core  
  42  3:34  Pylon  
  41  3:42  Gateway  
  36  3:57  Probe x2  
  35  4:09  Probe  
  35  4:13  Observer (Chrono Boost)  
  35  4:16  Adept  
  35  4:17  Sentry, Adept  
  40  4:22  Probe x2  
  44  4:32  Immortal (Chrono Boost)  
  48  4:43  Adept  
  50  4:46  Adept  
  50  4:49  Adept  
  54  4:54  Adept  
  56  5:05  Stalker  
  58  5:08  Stalker  
  49  5:27  Adept x3  
  45  5:30  Probe x2  
  45  5:39  Immortal  
  45  5:42  Probe x2  
  51  5:48  Adept  
  49  5:50  Adept  
  49  5:54  Adept  
  53  6:01  Assimilator  
  53  6:03  Stalker  
  51  6:10  Probe x2  
  54  6:18  Observer  
  54  6:19  Zealot x2  
  54  6:22  Probe  
  54  6:23  Probe  
  58  6:29  Stalker  
  56  6:32  Adept  
  58  6:41  Gateway  
  58  6:42  Adept x2  
  62  6:47  Pylon  
  62  6:57  Pylon  
  62  7:05  Probe x2, Pylon, Warp Prism  
  66  7:18  Probe x2  
  66  7:19  Gateway x2  
  67  7:41  Observer  
  68  7:48  Pylon  
  68  7:50  Pylon  
  68  7:58  Adept  
  68  7:59  Adept x2  
  68  8:05  Stalker x2  
  54  8:23  Twilight Council, Assimilator  
  57  8:27  Stalker x4  
  66  8:37  Forge  
  66  8:40  Stalker x2  
  66  8:41  Stalker  
  71  8:46  Robotics Facility  
  67  8:57  Stalker x3  
  67  8:59  Stalker  
  70  9:06  Probe  
  68  9:13  Sentry  
  68  9:16  Resonating Glaives  
  70  9:17  Protoss Ground Weapons Level 1 (Chrono Boost)  
  66  9:35  Immortal (Chrono Boost)  
  66  9:37  Adept x2  
  74  9:41  Adept x2  
  78  9:47  Adept  
  78  9:51  Adept  
  82  9:59  Adept x2  
  86  10:04  Adept  
  88  10:18  Immortal  
  92  10:25  Adept  
  92  10:37  Sentry  
  94  10:52  Pylon  
  94  10:53  Pylon  
  94  10:55  Pylon  
  94  11:01  Observer (Chrono Boost)  
  94  11:11  Adept x3  
  94  11:12  Adept  

Tags
 
Add a new tag
Caveats
  • Supply blocks, unpowered buildings, or Contaminate may cause inaccurate times.
  • Supply counts are checked every 10 seconds.